 Dungeon Crawl Stone Soup version 0.30.1-3-gfc49f6343a (webtiles) character file.

Game seed: 10849799699673723756

71237 DemonSlayer the Thaumaturge (level 14, -5/94 HPs)
             Began as a Demonspawn Earth Elementalist on July 21, 2023.
             Was the Champion of Dithmenos.
             Slain by a sun demon (19 damage)
             ... summoned by Frances
             ... on level 14 of the Dungeon.
             The game lasted 00:58:07 (29367 turns).

DemonSlayer the Thaumaturge (DsEE)                 Turns: 29367, Time: 00:58:08

Health: -5/94      AC: 18    Str: 16    XL:     14   Next: 97%
Magic:  31/41      EV: 25    Int: 17    God:    Dithmenos [******]
Gold:   2047       SH:  0    Dex: 17    Spells: 12/41 levels left

rFire   . . .        H - +11 dagger of Faoghoell {pain, *Slow rPois rC+++ Str+2}
rCold   + + +        (no shield)
rNeg    . . .        E - +4 troll leather armour
rPois   +            (no helmet)
rElec   .            F - +0 cloak
rCorr   .            b - +2 pair of gloves
SInv    .            (boots unavailable)
Will    +....        C - amulet of magic regeneration
Stlth   ++++++       O - +5 ring of evasion
HPRegen 1.15/turn    G - ring of Teyn Qyth {rPois MP+9 EV+5 Str+6 Dex-2}
MPRegen 0.67/turn

%: slow self (1%)
@: sanguine armoured, wreathed by umbra
A: hooves 3, ignite blood 2, powered by death 1, sanguine armour 1
a: Renounce Religion, Shadow Step, Shadow Form


You were on level 14 of the Dungeon.
You worshipped Dithmenos.
Dithmenos was exalted by your worship.
You visited 4 branches of the dungeon, and saw 21 of its levels.

You collected 2047 gold pieces.

Inventory:

Hand Weapons
 H - the +11 dagger of Faoghoell (weapon) {pain, *Slow rPois rC+++ Str+2}
   (You found it on level 1 of the Lair of Beasts)

   Str:       It affects your strength (+2).
   rC:        It renders you almost immune to cold.
   rPois:     It protects you from poison.
   *Slow:     It may slow you when you take damage.
Missiles
 s - 4 throwing nets
 y - 16 curare-tipped darts
Armour
 b - a +2 pair of gloves (worn)
 E - a +4 troll leather armour (worn)
 F - a +0 cloak (worn)
Jewellery
 f - a ring of flight
 p - a ring of see invisible
 C - an amulet of magic regeneration (around neck)
 G - the ring of Teyn Qyth (right hand) {rPois MP+9 EV+5 Str+6 Dex-2}
   (You found it on level 1 of the Lair of Beasts)

   [ring of evasion]

   EV:        It affects your evasion (+5).
   Str:       It affects your strength (+6).
   Dex:       It affects your dexterity (-2).
   rPois:     It protects you from poison.
   MP:        It affects your magic capacity (+9).
 O - a +5 ring of evasion (left hand)
Wands
 d - a wand of paralysis (10)
 o - a wand of quicksilver (5) (quivered)
 t - a wand of polymorph (10)
 u - a wand of digging (1)
 I - a wand of mindburst (6)
 J - a wand of iceblast (16)
Scrolls
 a - 2 scrolls of amnesia
 e - 7 scrolls of fog
 g - a scroll of brand weapon
 h - a scroll of butterflies
 l - a scroll of silence
 n - 6 scrolls of immolation
 A - 5 scrolls of identify
 B - a scroll of magic mapping
 D - 9 scrolls of teleportation
Potions
 c - a potion of invisibility {unknown}
 i - 4 potions of ambrosia
 j - a potion of magic
 k - 6 potions of brilliance
 m - 4 potions of mutation
 q - 4 potions of lignification
 r - 3 potions of flight
 v - a potion of might
 x - 2 potions of resistance
 z - 4 potions of curing


   Skills:
 + Level 3.9 Fighting
 + Level 3.6 Short Blades
 + Level 0.3 Throwing
 + Level 1.3 Armour
 + Level 6.7 Dodging
 + Level 6.5 Stealth
 + Level 3.2 Shields
 + Level 1.0 Unarmed Combat
 + Level 14.0 Spellcasting
 + Level 12.7 Conjurations
 + Level 0.8 Transmutations
 + Level 13.4 Earth Magic
 + Level 1.2 Evocations


You had 12 spell levels left.
You knew the following spells:

 Your Spells              Type           Power      Damage    Failure   Level
a - Sandblast             Erth           100%       2d20      1%          1
b - Passwall              Tmut/Erth      30%        N/A       1%          2
c - Stone Arrow           Conj/Erth      100%       3d13      1%          3
d - Swiftness             Air            11%        N/A       21%         3
e - Petrify               Tmut/Erth      36%        N/A       3%          4
f - Ignite Poison         Fire/Tmut/Pois 12%        N/A       19%         3
g - Mephitic Cloud        Conj/Pois/Air  26%        N/A       3%          3
h - Leda's Liquefaction   Hex/Erth       17%        N/A       4%          4
i - Iskenderun's Mystic   Conj/Tloc      33%        2d8       4%          4
j - Blink                 Tloc           22%        N/A       11%         2

Your spell library contained the following spells:

 Spells                   Type           Power      Damage    Failure   Level
 Magic Dart               Conj           100%       1d8       1%          1
 Shock                    Conj/Air       100%       1d9       1%          1
 Momentum Strike          Conj/Tloc      66%        3d9       1%          2
 Cigotuvi's Dreadful Rot  Necr/Pois/Air  22%        N/A       11%         2
 Lesser Beckoning         Tloc           22%        N/A       11%         2
 Irradiate                Conj/Tmut      17%        3d17      12%         5
 Call Canine Familiar     Summ           11%        N/A       21%         3
 Portal Projectile        Hex/Tloc       22%        N/A       21%         3
 Tukima's Dance           Hex            11%        N/A       21%         3
 Freezing Cloud           Conj/Ice/Air   13%        6-21      34%         5
 Airstrike                Air            5%         2d(1-17)  56%         4
 Animate Dead             Necr           11%        N/A       56%         4
 Blade Hands              Tmut           7%         N/A       80%         5
 Dragon Form              Tmut           7%         N/A       100%        7
 Haunt                    Necr/Summ      5%         N/A       100%        7
 Infestation              Necr           5%         N/A       100%        8


Dungeon Overview and Level Annotations

Branches:
Dungeon (14/15)            Temple (1/1) D:4            Lair (5/5) D:9
 Shoals (0/4) Lair:3        Snake (0/4) Lair:3        Slime (0/5) Lair:4
    Orc (1/2) D:11
 Vaults: D:13-14

Altars:
Ashenzari
Cheibriados
Dithmenos
Fedhas
Gozag
Hepliaklqana
Kikubaaqudgha
Makhleb
Nemelex Xobeh
Okawaru
Qazlal
Ru
Sif Muna
Trog
Uskayaw
Vehumet
Wu Jian
Xom
Yredelemnul
Jiyva

Shops:
Orc:1 (

Annotations:
D:14 exclusion: 2 oklob plants, Frances
Lair:2 2 transporters, cheesebisquit's ghost, journeyman DrIE


Innate Abilities, Weirdness & Mutations

You have hooves in place of feet.
Your demonic aura often causes spilled blood to erupt in flames.
You regenerate a little health from kills.
When seriously injured, your blood forms armour. (AC +6)


Message History

The water elemental closely misses you.
Unknown command.
Unknown command.
Casting: Stone Arrow (safe; 1% risk of failure)
Confirm with . or Enter, or press ? or * to list all spells.
You don't know that spell.
Unknown command.
Unknown command.
Unknown command.
Casting: Stone Arrow (safe; 1% risk of failure)
Confirm with . or Enter, or press ? or * to list all spells.
Aiming: Stone Arrow (safe; 1% risk of failure)
Press: ? - help, Shift-Dir - straight line, f/p - water elemental
Aim: a water elemental (severely damaged, umbra, 87% to hit)
The stone arrow hits the water elemental!
The water elemental is almost destroyed.
Your shadow mimicks your spell!
The shadow shard hits the water elemental!
You destroy the water elemental!
Dithmenos accepts your kill.
Unknown command.
Unknown command.
Casting: Stone Arrow (safe; 1% risk of failure)
Confirm with . or Enter, or press ? or * to list all spells.
Aiming: Stone Arrow (safe; 1% risk of failure)
Press: ? - help, Shift-Dir - straight line, f - sun demon
Aim: a sun demon (summoned, umbra, 72% to hit)
The stone arrow hits the sun demon!
The sun demon is moderately wounded.
Unknown command.
Unknown command.
Casting: Stone Arrow (safe; 1% risk of failure)
Confirm with . or Enter, or press ? or * to list all spells.
Aiming: Stone Arrow (safe; 1% risk of failure)
Press: ? - help, Shift-Dir - straight line, f/p - sun demon
Aim: a sun demon (moderately wounded, summoned, umbra, 72% to hit)
The stone arrow hits the sun demon.
The sun demon is moderately wounded.
The sun demon hits you!!
You die...

#.....# ###.....#
#.......#
#.#.....######
####.#†....##...#
#...............#
..........###...#
#.##.###### ##)## #.
#..@3.####...#######
#####..##...........
#....4.......#######
#....####....#
#.@#≈#≈≈≈##..#
#(.#≈≈≈≈≈ #..#
#.##≈≈#≈# ##.# ..
≈≈≈≈≈≈≈ ≈.. ...
≈#≈≈≈ ≈≈#.##


You could see a sun demon (summoned).

Vanquished Creatures
  Jorgrun (Orc:1)
  An orc warlord (Orc:1)
  Snorg (Lair:5)
  A fire dragon (Lair:5)
  Fannar (Lair:3)
  Harold (Orc:1)
  8 hydras
  4 centaur warriors
  2 two-headed ogres
  A boulder beetle (D:13)
  3 death yaks (Lair:5)
  A tengu warrior (D:14)
  Sonja (D:10)
  Nergalle (Lair:2)
  4 lindwurms
  An orc knight (Orc:1)
  4 ugly things
  2 cyclopes
  An orc sorcerer (Orc:1)
  A deep elf pyromancer (D:13)
  9 elephants
  4 manticores
  6 torpor snails
  Joseph (D:8)
  A gargoyle (D:12)
  5 black mambas
  2 unseen horrors
  13 cane toads
  A yaktaur (D:14)
  10 komodo dragons
  2 rime drakes
  An efreet (D:14)
  2 kobold demonologists
  A queen bee (shapeshifter) (D:14)
  3 trolls
  3 tyrant leeches (Lair:5)
  10 polar bears
  2 meliai (D:14)
  8 hornets (Lair:5)
  3 raiju (Lair:5)
  10 blink frogs
  A dream sheep (Lair:5)
  Sigmund (D:3)
  3 wraiths
  A water elemental (D:14)
  2 vampires
  A wyvern (Lair:3)
  3 slime creatures (D:13)
  49 yaks
  4 basilisks
  2 steam dragons
  7 wargs
  Menkaure (D:5)
  A warg (shapeshifter) (D:13)
  2 nagas (Lair:3)
  An acid dragon (D:12)
  14 hell hounds (Lair:5)
  17 water moccasins
  A floating eye (shapeshifter) (D:14)
  20 orc warriors
  3 sky beasts
  16 black bears
  13 wolves (Lair:5)
  2 boggarts (D:14)
  7 centaurs
  5 ogres
  A phantom (D:4)
  A kobold brigand (D:7)
  2 gnoll sergeants
  7 bullfrogs
  3 scorpions
  5 wights
  21 killer bees
  5 howler monkeys
  3 hounds
  2 jellies
  10 orc priests
  6 iguanas
  13 orc wizards
  14 gnolls
  8 adders
  A shadow imp (D:6)
  A white imp (D:7)
  2 worms
  A dart slug (D:1)
  58 orcs
  9 endoplasms
  4 giant cockroaches
  11 goblins
  9 hobgoblins
  2 jackals (D:1)
  2 quokkas
  4 ball pythons
  4 bats
  5 frilled lizards
  18 kobolds
  9 rats
555 creatures vanquished.

Vanquished Creatures (others)
  A centaur warrior (D:13)
1 creature vanquished.

Grand Total: 556 creatures vanquished

Notes
Turn   | Place    | Note
-------+----------+-------------------------------------------
     0 | D:1      | DemonSlayer the Demonspawn Earth Elementalist began the
                  | quest for the Orb.
     0 | D:1      | Reached XP level 1. HP: 13/13 MP: 3/3
   272 | D:1      | Gained mutation: Your demonic aura sometimes causes spilled
                  | blood to erupt in flames. [demonic ancestry]
   272 | D:1      | Reached XP level 2. HP: 19/19 MP: 0/5
   744 | D:1      | Reached XP level 3. HP: 24/24 MP: 6/6
  1267 | D:1      | Learned a level 2 spell: Passwall
  1271 | D:1      | Learned a level 3 spell: Stone Arrow
  1355 | D:2      | Found a faded altar of an unknown god.
  1832 | D:2      | Reached XP level 4. HP: 11/30 MP: 5/8
  2882 | D:3      | Found a basalt altar of Yredelemnul.
  3029 | D:3      | Found an ornate altar of the Wu Jian Council.
  3115 | D:3      | Noticed Sigmund
  3126 | D:3      | Killed Sigmund
  3127 | D:3      | Reached skill level 3 in Spellcasting
  3127 | D:3      | Gained mutation: Your demonic aura often causes spilled
                  | blood to erupt in flames. [demonic ancestry]
  3127 | D:3      | Reached XP level 5. HP: 36/36 MP: 8/10
  3543 | D:3      | You fall into a shaft and drop 1 floor!
  3564 | D:4      | Found an ancient bone altar of Kikubaaqudgha.
  3620 | D:4      | Found a transporter.
  3641 | D:4      | Found a transporter.
  3734 | D:4      | Found a burning altar of Makhleb.
  3766 | D:4      | Gained mutation: You have large cloven feet. [demonic
                  | ancestry]
  3766 | D:4      | Reached XP level 6. HP: 42/42 MP: 9/11
  4002 | D:4      | Reached skill level 4 in Spellcasting
  4111 | D:4      | Found a stormy altar of Qazlal.
  4279 | D:4      | Found a staircase to the Ecumenical Temple.
  4372 | D:4      | Found an opulent altar of Gozag.
  5134 | D:3      | Reached skill level 5 in Earth Magic
  5141 | D:3      | Reached XP level 7. HP: 33/47 MP: 3/13
  5273 | D:3      | Learned a level 3 spell: Swiftness
  5278 | D:3      | Learned a level 4 spell: Petrify
  5418 | Temple   | Entered the Ecumenical Temple
  5462 | D:5      | Entered Level 5 of the Dungeon
  5516 | D:5      | Found a broken altar of Ashenzari.
  5619 | D:5      | Found a hide-covered altar of Uskayaw.
  5627 | D:5      | Noticed Menkaure
  5873 | D:5      | Killed Menkaure
  5874 | D:5      | Reached skill level 5 in Spellcasting
  6343 | D:5      | Reached skill level 1 in Fighting
  6449 | D:5      | Gained mutation: You regenerate a little health from kills.
                  | [demonic ancestry]
  6449 | D:5      | Reached XP level 8. HP: 46/54 MP: 4/15
  6881 | D:5      | Reached skill level 1 in Conjurations
  7295 | D:5      | Learned a level 3 spell: Ignite Poison
  7407 | D:6      | Got the Grimoire of Transition and Blasting
  7758 | D:6      | Reached skill level 6 in Spellcasting
  8409 | D:6      | Learned a level 3 spell: Mephitic Cloud
  8687 | D:7      | Reached XP level 9. HP: 57/59 MP: 0/19
  8906 | D:7      | Found an iron altar of Okawaru.
  8914 | D:7      | Reached skill level 7 in Spellcasting
  9153 | D:7      | Noticed a manticore
  9160 | D:7      | Killed a manticore
  9161 | D:7      | Reached skill level 1 in Short Blades
  9634 | D:7      | Killed an unseen horror
  9857 | D:7      | Found a shadowy altar of Dithmenos.
  9991 | D:7      | Became a worshipper of Dithmenos the Shadowed
 10789 | D:8      | Found a bloodstained altar of Trog.
 10924 | D:8      | Found a hazy altar of Hepliaklqana.
 11160 | D:8      | Noticed Joseph
 11177 | D:8      | Killed Joseph
 11178 | D:8      | Reached skill level 8 in Spellcasting
 11178 | D:8      | Gained mutation: You have hoof-like feet. [demonic
                  | ancestry]
 11178 | D:8      | Reached XP level 10. HP: 56/68 MP: 6/22
 11497 | D:8      | Reached * piety under Dithmenos
 11728 | D:8      | Learned a level 4 spell: Leda's Liquefaction
 11931 | D:10     | Entered Level 10 of the Dungeon
 12519 | D:10     | Noticed Sonja
 12523 | D:10     | Killed Sonja
 12524 | D:10     | Reached skill level 5 in Conjurations
 12524 | D:10     | Reached skill level 1 in Evocations
 13082 | D:9      | Reached skill level 1 in Shields
 13403 | D:9      | Reached skill level 9 in Spellcasting
 13571 | D:9      | Found a staircase to the Lair.
 14113 | D:9      | Found a shimmering blue altar of Sif Muna.
 14335 | D:10     | Reached ** piety under Dithmenos
 15168 | D:10     | Learned a level 4 spell: Iskenderun's Mystic Blast
 15257 | D:11     | Noticed a manticore
 15263 | D:11     | Killed a manticore
 15264 | D:11     | Reached skill level 5 in Stealth
 15264 | D:11     | Gained mutation: You have hooves in place of feet. [demonic
                  | ancestry]
 15264 | D:11     | Reached XP level 11. HP: 67/74 MP: 14/24
 15329 | D:11     | Found a staircase to the Orcish Mines.
 15346 | D:11     | Reached skill level 1 in Unarmed Combat
 15638 | D:11     | Noticed a two-headed ogre
 15639 | D:11     | Noticed a white ugly thing
 15649 | D:11     | Killed a two-headed ogre
 15652 | D:11     | Killed a white ugly thing
 16017 | D:11     | Noticed a purple ugly thing
 16026 | D:11     | Killed a purple ugly thing
 16421 | D:12     | Noticed a two-headed ogre
 16424 | D:12     | Killed a two-headed ogre
 16577 | D:12     | Reached skill level 10 in Earth Magic
 16747 | D:12     | Noticed a sixfirhy
 16916 | D:12     | Reached skill level 10 in Spellcasting
 18027 | D:13     | Noticed a centaur warrior
 18027 | D:13     | Noticed a deep elf pyromancer
 18038 | D:13     | Killed a centaur warrior
 18199 | D:13     | Noticed a boulder beetle
 18447 | Lair:1   | Entered Level 1 of the Lair of Beasts
 18477 | Lair:1   | Found a hazy altar of Hepliaklqana.
 18659 | Lair:1   | Identified the +11 dagger of Faoghoell {pain, *Slow rPois
                  | rC+++ Str+2}
 18739 | Lair:1   | Reached XP level 12. HP: 81/81 MP: 8/26
 19133 | Lair:1   | Reached *** piety under Dithmenos
 19533 | Lair:1   | Identified the ring of Teyn Qyth {rPois MP+9 EV+5 Str+6
                  | Dex-2}
 19557 | Lair:1   | Reached skill level 5 in Dodging
 19750 | Lair:1   | Learned a level 2 spell: Blink
 19850 | Lair:2   | Found a transporter.
 19854 | Lair:2   | Found a transporter.
 19854 | Lair:2   | Noticed cheesebisquit's ghost (journeyman DrIE)
 20233 | Lair:2   | Noticed Nergalle
 20242 | Lair:2   | Killed Nergalle
 20292 | Lair:2   | Reached skill level 11 in Spellcasting
 20807 | Lair:3   | Noticed Fannar
 20807 | Lair:3   | Noticed a four-headed hydra
 20809 | Lair:3   | Killed Fannar
 20813 | Lair:3   | Killed a four-headed hydra
 20984 | Lair:3   | Noticed an eight-headed hydra
 20989 | Lair:3   | Killed an eight-headed hydra
 21413 | Lair:3   | Found an iron altar of Okawaru.
 21461 | Lair:3   | Found a staircase to the Shoals.
 21738 | Lair:3   | Reached skill level 10 in Conjurations
 21778 | Lair:3   | Found a staircase to the Snake Pit.
 21783 | Lair:3   | Gained mutation: When seriously injured, your blood forms
                  | armour. (AC +6) [demonic ancestry]
 21783 | Lair:3   | Reached XP level 13. HP: 86/86 MP: 21/28
 22388 | Lair:4   | Reached **** piety under Dithmenos
 23207 | Lair:4   | Found a viscous altar of Jiyva.
 23208 | Lair:4   | Found a staircase to the Slime Pits.
 23660 | Lair:4   | Reached skill level 12 in Spellcasting
 23836 | Lair:5   | Entered Level 5 of the Lair of Beasts
 23837 | Lair:5   | Noticed Snorg
 23845 | Lair:5   | Killed Snorg
 24088 | Lair:4   | You fall into a shaft and drop 1 floor!
 24320 | Lair:5   | Reached ***** piety under Dithmenos
 24863 | Lair:5   | Reached XP level 14. HP: 85/94 MP: 17/30
 25447 | Lair:5   | Reached skill level 13 in Spellcasting
 25988 | Lair:5   | Found a runed translucent door.
 26491 | Orc:1    | Entered Level 1 of the Orcish Mines
 26672 | Orc:1    | Noticed an orc warlord
 26680 | Orc:1    | Noticed Harold
 26696 | Orc:1    | Killed an orc warlord
 26702 | Orc:1    | Killed Harold
 26705 | Orc:1    | Reached ****** piety under Dithmenos
 26975 | Orc:1    | Found Burghayc's Weapon Boutique.
 27028 | Orc:1    | Noticed Jorgrun
 27040 | Orc:1    | Killed Jorgrun
 28754 | D:14     | Reached skill level 1 in Armour
 28807 | D:14     | Reached skill level 14 in Spellcasting
 29346 | D:14     | Noticed Frances
 29367 | D:14     | Slain by a sun demon

Illustrated notes

Levels and vault maps discovered:
D:1:      lightli_arrival_farm, layout_loops_corners, lemuel_flame_loot_1
D:2:      layout_basic, hellmonk_ecumenical_altar_lost_god, grunt_ministairs_7
D:3:      layout_basic, kennysheep_ying_yang, lemuel_crystal_altar,
          minmay_misc_feat_five, uniq_sigmund
D:4:      layout_rooms, pdpol_temple_overflow_zin_treasury_gozag_greed,
          mainiacjoe_overflow_alcove_2,
          mainiacjoe_overflow_concentric_impassable,
          gammafunk_temple_overflow_arena, minmay_temple_entry_drinking_statues,
          serial_curves, eino_curves_02, eino_curves_01,
          hangedman_feature_mirror
D:5:      layout_basic, cheibrodos_ashenzari_chains, amcnicky_altar_gilded,
          uniq_menkaure
D:6:      layout_loops_ring
D:7:      layout_cave_pods, okawaru_gym_becter, mainiacjoe_overflow_24_doors
D:8:      layout_cave_pools, trog_hazing_becter, mainiacjoe_overflow_brackets,
          uniq_joseph
D:9:      layout_loops_ring, kennysheep_mini_moat,
          grunt_lair_entry_orc_guard_hut
D:10:     layout_irregular_city, mainiacjoe_overflow_paths, serial_rivers,
          chequers_serial_rivers_large_a, chequers_serial_rivers_micro_d,
          chequers_serial_rivers_small_b, chequers_serial_rivers_room_a,
          uniq_sonja
D:11:     layout_roguey, david_orc_3
D:12:     layout_stronghold, hangedman_abyss_or_decor_clamps
D:13:     wad_pebble_path, layout_cave_pods
D:14:     regret_index_harrowing_hell_hive, layout_loops_ring,
          grunt_vaults_entry_tiered, serial_glass, glass_columns_b,
          glass_columns_a, minivault_4, minmay_pinched_square, uniq_frances
Temple:   hellmonk_temple_two_chambers
Lair:1:   wander_river, layout_cave_pods, basic_altar, lemuel_fruit_tree,
          grunt_megastairs_5
Lair:2:   layout_regular_city, gammafunk_ghost_arena,
          chequers_serial_rivers_small_3, uniq_nergalle
Lair:3:   layout_gridlike, elwin_shoals_entry_rocks,
          guppyfry_snake_entry_garden, basic_altar, serial_bayou_shore_b,
          uniq_fannar
Lair:4:   layout_cave_pods, slime_entry_1, grunt_megastairs_4
Lair:5:   hangedman_lair_caniforms_friends, layout_misc_corridors, wormcave,
          uniq_snorg
Orc:1:    layout_diamond_mine, serial_shops, nicolae_shop_bloodbath_and_beyond,
          uniq_jorgrun, uniq_harold

Skill      XL: |  1  2  3  4  5  6  7  8  9 10 11 12 13 14 |
---------------+-------------------------------------------+-----
Earth Magic    | 3 4 5 6 7 8 9 10 11 12 13 | 13.4
Dodging        | 2 3 4 5 6 |  6.7
Stealth        | 2 3 4 5 6 |  6.5
Spellcasting   | 3 4 5 6 8 9 10 11 12 14 | 14.0
Fighting       | 1 2 3 |  3.9
Conjurations   | 2 4 6 8 10 11 12 | 12.7
Short Blades   | 1 2 3 |  3.6
Evocations     | 1 |  1.2
Shields        | 1 2 3 |  3.2
Unarmed Combat | 1 |  1.0
Armour         | 1 |  1.3
Throwing       | |  0.3
Transmutations | |  0.8

Action                     |  1- 3 |  4- 6 |  7- 9 | 10-12 | 13-15 || total
---------------------------+-------+-------+-------+-------+-------++-------
  Melee: Dagger            |    16 |    37 |    31 |    77 |    77 ||   238
         Unarmed           |       |       |       |    11 |       ||    11
         Kick              |       |       |       |    28 |    39 ||    67
         Punch             |       |       |       |     2 |     1 ||     3
  Throw: Throwing net      |       |       |     1 |       |     3 ||     4
         Dart              |       |       |       |       |     4 ||     4
   Cast: Sandblast         |    55 |    91 |     7 |    10 |       ||   163
         Stone Arrow       |       |       |   117 |   279 |   459 ||   855
  Evoke: Wand              |       |     4 |     2 |     4 |     3 ||    13
    Use: Potion            |     6 |       |     4 |     5 |     6 ||    21
         Scroll            |       |     7 |     8 |    11 |    14 ||    40
   Stab: Sleeping          |     5 |     3 |     4 |     9 |     7 ||    28
         Paralysed         |       |     1 |     3 |       |       ||     4
 Armour: Robe              |    12 |    52 |    45 |    15 |    42 ||   166
         Steam dragon scal |       |       |       |    61 |       ||    61
         Skin              |       |       |       |     9 |       ||     9
         Troll leather arm |       |       |       |       |    12 ||    12
  Dodge: Dodged            |    30 |    90 |    50 |   162 |   460 ||   792
  Block: Other             |       |       |     1 |    55 |    10 ||    66
         Reflection        |       |       |     1 |     7 |       ||     8
